 Dungeon Crawl Stone Soup version 0.29-a0-559-g359e09b9d1 (webtiles) character file.

Game seed: 17762802813154800307

2881 avis the Archer (level 9, 0/71 HPs)
             Began as a Demigod Hunter on June 10, 2022.
             Slain by a shadow (14 damage)
             ... on level 11 of the Dungeon on June 11, 2022.
             The game lasted 00:47:25 (7645 turns).

avis the Archer (Demigod Hunter)                    Turns: 7645, Time: 00:47:27

Health: 0/71       AC:  9    Str: 12    XL:     9   Next: 24%
Magic:  9/11       EV: 16    Int: 11    God:
Gold:   407        SH:  0    Dex: 32    Spells: 6/8 levels left

rFire   . . .      SeeInvis .   a - +1 shortbow (venom)
rCold   . . .      Faith    .   (shield currently unavailable)
rNeg    . . .      Spirit   .   E - +0 steam dragon scales
rPois   +          Reflect  .   G - +0 helmet
rElec   .          Harm     .   D - +0 cloak
rCorr   .          Rampage  .   n - +1 pair of gloves {Dex+3}
Will    .....                   (no boots)
Stlth   ++++......              (no amulet)
HPRegen 0.21/turn               R - ring of poison resistance
MPRegen 0.12/turn               (no ring)

@: on blink cooldown, studying Unarmed Combat
A: high MP 1, forlorn, divine attributes
a: no special abilities


You were on level 11 of the Dungeon.
You visited 2 branches of the dungeon, and saw 10 of its levels.
You also visited: Ossuary.

You collected 407 gold pieces.

Inventory:

Hand Weapons
 a - a +1 shortbow of venom (weapon)
 b - a +3 short sword of speed
 v - a +0 great sword
 w - a +1 flail of protection
 A - a +2 short sword of freezing
 I - a +2 dagger of freezing
 K - a +0 short sword of holy wrath
Missiles
 f - 32 poisoned darts
 j - a curare-tipped dart
 q - 3 atropa-tipped darts
 Q - 2 throwing nets
Armour
 h - the +0 leather armour of the Postmodern Ghosts {-Tele rPois rC++ rN+}
   (You found it on level 6 of the Dungeon)

   rC:        It greatly protects you from cold.
   rPois:     It protects you from poison.
   rN:        It protects you from negative energy.
   -Tele:     It prevents most forms of teleportation.
 n - a +1 pair of gloves of dexterity (worn)
 D - a +0 cloak (worn)
 E - +0 steam dragon scales (worn)
 F - a +1 animal skin
 G - a +0 helmet (worn)
 J - a scarf of invisibility
Jewellery
 l - a ring of protection from cold
 R - a ring of poison resistance (left hand)
Wands
 H - a wand of flame (50)
 N - a wand of acid (4)
 O - a wand of charming (3)
Scrolls
 d - 3 scrolls of teleportation
 o - 2 scrolls of fear
 p - a scroll of amnesia
 s - 2 scrolls of poison
 y - 2 scrolls of magic mapping
Potions
 c - a potion of flight
 e - a potion of mutation
 g - 5 potions of curing
 i - a potion of brilliance
 k - a potion of cancellation {unknown}
 m - 2 potions of berserk rage
 t - 5 potions of lignification
 u - 2 potions of magic
 x - a potion of haste {unknown}
 z - a potion of invisibility {unknown}
 B - a potion of attraction
 M - 2 potions of might
 P - 2 potions of ambrosia


   Skills:
 - Level 4.0 Fighting
 * Level 10.9 Bows
 - Level 4.0 Dodging
 - Level 4.0 Stealth


You had 6 spell levels left.
You knew the following spells:

 Your Spells              Type           Power      Damage    Failure   Level
b - Blink                 Tloc           0%         N/A       47%         2

Your spell library contained the following spells:

 Spells                   Type           Power      Damage    Failure   Level
 Ensorcelled Hibernation  Hex/Ice        0%         N/A       47%         2
 Passwall                 Tmut/Erth      0%         N/A       47%         2
 Conjure Flame            Conj/Fire      0%         6-21      71%         3
 Ignite Poison            Fire/Tmut/Pois 0%         N/A       71%         3
 Swiftness                Air            0%         N/A       71%         3
 Iskenderun's Mystic Bla  Conj/Tloc      0%         2d3       98%         4
 Passage of Golubria      Tloc           0%         N/A       98%         4
 Sticky Flame             Conj/Fire      0%         2d3       98%         4
 Fireball                 Conj/Fire      0%         3d3       100%        5
 Manifold Assault         Tloc           0%         N/A       100%        5
 Starburst                Conj/Fire      0%         6d3       100%        6
 Storm Form               Tmut/Air       0%         N/A       100%        7
 Ignition                 Fire           0%         3d3       100%        8


Dungeon Overview and Level Annotations

Branches:
Dungeon (11/15)            Temple (1/1) D:5            Lair (0/6) D:11
Ossuary (visited)
    Orc: D:9-12

Shops:
D:1 =

Annotations:
D:4 2 runed translucent doors, DocClef's ghost, amateur GnDe
D:11 exclusion: 2 oklob plants


Innate Abilities, Weirdness & Mutations

You have an increased reservoir of magic. (+10% MP)
You shall have no god before yourself.
Your divine heritage dramatically boosts your attributes as you level up.


Message History

Your surroundings suddenly seem different.
A shadow and a troll come into view.
Found 8 gold pieces, a mace, a robe and a potion of magic.
Found a stone staircase leading up and a stone staircase leading down.
Shoot: a) +1 shortbow (venom)
Press: ? - help, Q - select action, (/) - cycle Shift-Dir - straight line, f - shadow
Aim: a shadow (dormant, 98% to hit)
You shoot an arrow.
The arrow hits the shadow but does no damage.
Something hits you.
Deactivating autopickup; reactivate with Ctrl-A.
Okay, then.
Casting: Blink (dangerous; 47% risk of failure)
Confirm with . or Enter, or press ? or * to list all spells.
You blink.
Something hits you.
Shoot: a) +1 shortbow (venom)
Press: ? - help, Q - select action, (/) - cycle Shift-Dir - straight line, f/p - shadow
Aim: a shadow (74% to hit)
You shoot an arrow. The arrow hits the shadow.
The shadow is lightly damaged.
Something hits you. The shadow barely misses you.
The troll attacks as you move away! The troll bites you but does no damage.
The troll claws you but does no damage. x2; Something barely misses you.
Something hits you. The shadow closely misses you.
Something hits you but does no damage. The troll attacks as you move away!
The troll closely misses you. x2
The troll claws you but does no damage. The shadow attacks as you move away!
The shadow hits you!
The shadow slips into darkness.
The shadow flickers and vanishes!
Something hits you but does no damage. The troll attacks as you move away!
The troll closely misses you. The troll claws you! The troll claws you.
Something closely misses you.
There is a stone staircase leading up here.
Something hits you.
* * * LOW HITPOINT WARNING * * *
The troll closely misses you. The troll claws you!
* * * LOW HITPOINT WARNING * * *
The troll misses you.
The shadow strikes at you from the darkness!
You die...

,,,,,,*
*#............## *,,
,,,,,,*
*..............# *,*
,,,,,,*
*.[............## **,*
,,,,,**
*#..............# *,,,
,,,,,*
#.>............##
**,,, *,,,**
*#........$.....#
*,,,, *,,*****
*#.............# *,,,*
*,,,,,,*
##...T........#***,,,*
,,****,*
##..@.........**,,,,*
,,* *,*
##........).#**,,,,,
*** *,*
##.........#*,,,,,,
*+* ##..!......*,,,,,,
** ***,***
##.....#..,,,,,,, ,*
*≈≈,≈≈*
*#...##,,****,,,
,***≈,≈,≈* *####,,,*
***, ,,**,≈⌠≈,*
***,,,,** **
,,**≈,≈,≈* **,,*,,,,*


You could see a troll.

Vanquished Creatures
  A kobold demonologist (D:6)
  A wyvern (D:5)
  A steam dragon (D:7)
  Duvessa (D:7)
  An orc warrior (D:7)
  3 sky beasts
  An ice beast (D:6)
  An ogre (D:5)
  2 black bears
  A phantom (D:4)
  4 kobold brigands
  A bullfrog (D:6)
  2 scorpions (D:6)
  Dowan (D:7)
  2 howler monkeys (D:7)
  3 hounds
  2 jellies (D:5)
  7 iguanas
  2 orc priests (D:7)
  A human zombie (Ossuary)
  2 orc wizards (D:7)
  Terence (D:2)
  3 hound zombies (Ossuary)
  4 mummies (Ossuary)
  Robin (D:4)
  7 gnolls
  5 adders
  2 white imps (D:6)
  An ufetubus (D:5)
  2 worms
  4 dart slugs
  18 orcs
  4 endoplasms
  5 giant cockroaches
  14 goblins
  7 hobgoblins
  7 jackals
  4 quokkas
  3 ball pythons
  5 bats
  3 frilled lizards
  A goblin zombie (Ossuary)
  2 hobgoblin zombies (Ossuary)
  A jackal zombie (Ossuary)
  20 kobolds
  A kobold zombie (Ossuary)
  A rat (D:3)
  3 rat zombies (Ossuary)
169 creatures vanquished.

Notes
Turn   | Place    | Note
-------+----------+-------------------------------------------
     0 | D:1      | avis the Demigod Hunter began the quest for the Orb.
     0 | D:1      | Reached XP level 1. HP: 17/17 MP: 3/3
   227 | D:1      | Reached skill level 4 in Bows
   231 | D:1      | Found Itien's One-of-a-Kind Rings.
   279 | D:1      | Got the Papyrus of Displacement and Ignition
   378 | D:1      | Reached XP level 2. HP: 20/24 MP: 4/4
  1208 | D:2      | Reached XP level 3. HP: 29/29 MP: 5/5
  1462 | D:2      | Noticed Terence
  1476 | D:2      | Killed Terence
  1477 | D:2      | Reached skill level 5 in Bows
  1965 | D:3      | Learned a level 2 spell: Blink
  1986 | D:3      | Reached XP level 4. HP: 36/36 MP: 6/6
  2372 | D:3      | Reached skill level 6 in Bows
  2608 | D:4      | Found a large runed translucent door.
  2609 | D:4      | Found a large runed translucent door.
  2612 | D:4      | Noticed DocClef's ghost (amateur GnDe)
  2635 | D:4      | Reached XP level 5. HP: 41/41 MP: 7/7
  2653 | D:4      | Noticed a black bear
  2669 | D:4      | Killed a black bear
  2670 | D:4      | Reached skill level 1 in Stealth
  3100 | D:4      | Noticed Robin
  3252 | D:4      | Killed Robin
  3502 | D:4      | Noticed a sky beast
  3508 | D:4      | Killed a sky beast
  3509 | D:4      | Reached skill level 7 in Bows
  3509 | D:4      | Reached XP level 6. HP: 38/48 MP: 8/8
  3773 | D:5      | Entered Level 5 of the Dungeon
  3773 | D:5      | Found a staircase to the Ecumenical Temple.
  3885 | D:5      | Found a sand-covered staircase.
  3890 | Ossuary  | Entered an ossuary
  3930 | Ossuary  | Reached XP level 7. HP: 45/57 MP: 9/9
  4216 | D:5      | Noticed a wyvern
  4617 | D:5      | Killed a wyvern
  4700 | D:5      | Reached skill level 8 in Bows
  5001 | Temple   | Entered the Ecumenical Temple
  5320 | D:6      | Reached XP level 8. HP: 45/63 MP: 10/10
  5363 | D:6      | Noticed a kobold demonologist
  5372 | D:6      | Killed a kobold demonologist
  5373 | D:6      | Reached skill level 9 in Bows
  5823 | D:6      | Identified the +0 leather armour of the Postmodern Ghosts
                  | {-Tele rPois rC++ rN+}
  6391 | D:7      | Noticed Duvessa
  6392 | D:7      | Noticed Dowan
  6415 | D:7      | Killed Duvessa
  6416 | D:7      | Reached skill level 10 in Bows
  6472 | D:7      | Killed Dowan
  6611 | D:7      | Reached XP level 9. HP: 71/71 MP: 11/11
  7226 | D:7      | Identified a scroll of acquirement
  7226 | D:7      | Acquired a manual of Unarmed Combat
  7583 | D:8      | You fall into a shaft and drop 3 floors!
  7585 | D:11     | Found a staircase to the Lair.
  7585 | D:11     | Noticed an oklob plant
  7589 | D:11     | Noticed an oklob plant
  7645 | D:11     | Slain by a shadow

Illustrated notes

Levels and vault maps discovered:
D:1:      minmay_arrival_widening_spiral_wide, layout_basic,
          nicolae_shop_unique_rings
D:2:      layout_loops_ring, uniq_terence
D:3:      layout_basic, minmay_misc_feat_tower
D:4:      layout_gridville, ebering_ghost_disaster_area, uniq_robin
D:5:      layout_rooms, minmay_temple_entry_crystal_x, enter_ossuary_5
D:6:      layout_rooms, kennysheep_slug_shrine
D:7:      layout_basic, uniq_duvessa
D:8:      layout_cave_pools, special_room [special_room_orc],
          gammafunk_ghost_cemetery, minmay_hollow_rounded_squares
D:11:     layout_cave_pods, dpeg_oklobed_lair, serial_shops, bzr_entry_safe,
          shop, shop, kennysheep_mini_moat, kennysheep_generic_room_9
Temple:   mainiacjoe_temple_starburst

Skill      XL: |  1  2  3  4  5  6  7  8 |
---------------+-------------------------+-----
Bows           | 4 5 6 7 8 10 | 10.9
Fighting       | 2 3 4 |  4.0
Dodging        | 2 3 4 |  4.0
Stealth        | 2 3 4 |  4.0

Action                   |  1- 3 |  4- 6 |  7- 9 || total
-------------------------+-------+-------+-------++-------
 Fire: Shortbow          |   100 |   152 |   259 ||   511
Throw: Dart              |     2 |     4 |       ||     6
 Cast: Blink             |       |       |     1 ||     1
Evoke: Wand              |       |       |     1 ||     1
  Use: Scroll            |       |     8 |    16 ||    24
       Potion            |       |       |     2 ||     2
Armor: Leather armour    |     9 |    18 |       ||    27
       Animal skin       |       |    22 |    26 ||    48
       Steam dragon scal |       |       |     6 ||     6
Dodge: Dodged            |    20 |    86 |    77 ||   183

Table legend: (Time is in decaauts)
 A = Elapsed time spent in this place.
 B = Non-inter-level travel time spent in this place.
 C = Inter-level travel time spent in this place.
 D = Time resting spent in this place.
 E = Time spent auto-exploring this place.
 F = Levels seen in this place.
 G = Mean time per level.
                   A        B        C        D        E       F      G
               +--------+--------+--------+--------+--------+-----+--------+
         Total |   7724 |   7269 |    455 |   2105 |   3504 |  11 |  702.2 |
       Dungeon |   7443 |   6988 |    455 |   2047 |   3400 |   9 |  827.0 |
        Temple |     22 |     22 |      0 |      0 |      0 |   1 |   22.0 |
       Ossuary |    259 |    259 |      0 |     58 |    104 |   1 |  259.0 |
               +--------+--------+--------+--------+--------+-----+--------+

Top non-repeatable levels by time:
     D:4: 1423 daAuts
     D:5: 1302 daAuts
     D:7: 1219 daAuts
     D:1: 1084 daAuts
     D:2: 869 daAuts
     D:6: 795 daAuts
     D:3: 687 daAuts
 Ossuary: 259 daAuts
    D:11: 61 daAuts
  Temple: 22 daAuts
